 Dungeon Crawl Stone Soup version 0.27.1-1-g398f81649c (webtiles) character file.

Game seed: 14377068566281297572

333 Rickety the Covert (level 6, 0/29 HPs)
             Began as a Spriggan Enchanter on Sept 13, 2021.
             Succumbed to a scorpion's poison
             ... in an ossuary.
             The game lasted 00:10:11 (5168 turns).

Rickety the Covert (Spriggan Enchanter)             Turns: 5168, Time: 00:10:12

Health: 0/29       AC:  3    Str:  4    XL:     6   Next: 27%
Magic:  8/12       EV: 18    Int: 17    God:
Gold:   102        SH:  0    Dex: 17    Spells: 3/12 levels left

rFire    . . .     SeeInvis +   a - +1 dagger
rCold    . . .     Faith    .   (shield restricted)
rNeg     + . .     Spirit   .   s - +1 robe {rN+}
rPois    .         Reflect  .   (helmet restricted)
rElec    .         Harm     .   (no cloak)
rCorr    .         Rampage  .   (gloves unavailable)
Will     ++...                  (boots unavailable)
Stlth    ++++......             (no amulet)
HPRegen  0.09/turn              l - ring of willpower
MPRegen  0.13/turn              (no ring)

@: lethally poisoned (0 -> -23), very quick
A: very small, no large weapons, unfitting armour, see invisible, speed 3
a: no special abilities


You were in an ossuary.
You visited 1 branch of the dungeon, and saw 4 of its levels.
You also visited: Ossuary.

You collected 157 gold pieces.
You spent 55 gold pieces at shops.

Inventory:

Hand Weapons
 a - a +1 dagger (weapon)
 b - a +1 short sword of draining
 r - a +0 dagger of protection
Armour
 h - a +0 troll leather armour {Purgy}
 s - a +1 robe of positive energy (worn)
Jewellery
 l - a ring of willpower (left hand)
Wands
 i - a wand of paralysis (6)
Scrolls
 c - a scroll of amnesia {unknown}
 d - 2 scrolls of acquirement {unknown}
 e - a scroll of enchant weapon {unknown}
 f - 2 scrolls of teleportation {unknown}
 k - a scroll of identify {unknown}
 n - a scroll of magic mapping {unknown}
 q - a scroll of immolation {unknown}
Potions
 g - 3 potions of curing {unknown}
 j - a potion of brilliance {unknown}
 m - a potion of magic {unknown}
 o - a potion of might {unknown}
 p - a potion of heal wounds


   Skills:
 + Level 0.3 Fighting
 + Level 2.1 Short Blades
 + Level 3.0 Dodging
 * Level 8.6 Stealth
 + Level 3.7 Spellcasting
 + Level 4.4 Hexes
 + Level 1.3 Ice Magic


You had 3 spell levels left.
You knew the following spells:

 Your Spells              Type           Power      Damage    Failure   Level
a - Corona                Hex            20%        N/A       2%          1
b - Ensorcelled Hibernat  Hex/Ice        24%        N/A       8%          2
c - Confusing Touch       Hex            18%        N/A       8%          3
d - Dazzling Flash        Conj/Hex       20%        N/A       21%         3

Your spell library contained the following spells:

 Spells                   Type           Power      Damage    Failure   Level
 Tukima's Dance           Hex            18%        N/A       8%          3


Dungeon Overview and Level Annotations

Branches:
Dungeon (4/15)            Ossuary (1/1)
 Temple: D:4-7

Altars:
Trog

Shops:
D:2 =   D:3 !


Innate Abilities, Weirdness & Mutations

You are very small and have problems with some larger weapons.
You are too small for most types of armour.
You have supernaturally acute eyesight. (SInv)
You cover ground extremely quickly. (Speed+++)


Message History

Confirm with . or Enter, or press ? or * to list all spells.
The spell is quite dangerous to cast (9% risk of failure)!
Continue anyway?
Your hands begin to glow red.
The scorpion zombie hits you.
You hit the scorpion zombie but do no damage.
The scorpion zombie appears confused.
The scorpion zombie is lightly damaged.
The scorpion zombie closely misses you.
The scorpion barely misses the scorpion zombie.
You hit the scorpion zombie.
The scorpion zombie is lightly damaged.
The scorpion stings the scorpion zombie.
The scorpion zombie hits the scorpion.
You hit the scorpion zombie but do no damage.
The scorpion zombie is moderately damaged.
The scorpion stings the scorpion zombie!
The scorpion stings itself but does no damage.
You catch the helpless scorpion zombie completely off-guard!
You impale the scorpion zombie!!
You destroy the scorpion zombie!
You catch the helpless scorpion completely off-guard!
You puncture the scorpion!
The scorpion is almost dead.
The scorpion stings you.
You are poisoned.
The scorpion poisons you!
You barely miss the scorpion.
The scorpion is almost dead.
You feel very sick.
You are too injured to fight recklessly!
You hit the scorpion but do no damage.
The scorpion is almost dead.
You feel sick.
You are too injured to fight recklessly!
You feel sick. The scorpion stings you.
* * * LOW HITPOINT WARNING * * *
You are more poisoned.
The scorpion poisons you!
You hit the scorpion but do no damage.
The scorpion is almost dead.
You die...

#...8...#
#...#...#
##'#######+##
#...#...#...#
#...'...8...#
#...#.......#
######8...8##
#!!Z#.......#
#..!#.@.8...#
#!?!#.s.#...#
##'##########


sM You could see a scorpion (confused).

Vanquished Creatures
  Purgy (D:4)
  A human zombie (Ossuary)
  A bullfrog skeleton (D:3)
  2 scorpion zombies (Ossuary)
  An orc wizard (D:3)
  Robin (D:3)
  3 adders
  A worm (D:3)
  3 dart slugs
  4 orcs
  5 ball pythons
  4 bats
  3 endoplasms
  9 goblins
  10 hobgoblins
  5 jackals
  2 kobolds
  2 quokkas
  2 frilled lizards (D:3)
  2 hobgoblin zombies (Ossuary)
  An orc zombie (Ossuary)
  5 rats
68 creatures vanquished.

Vanquished Creatures (others)
  8 demonic plants (D:3)
  5 fungi (D:3)
  7 plants (D:3)
  2 withered plants (D:3)
22 creatures vanquished.

Grand Total: 90 creatures vanquished

Notes
Turn   | Place    | Note
-------+----------+-------------------------------------------
     0 | D:1      | Rickety the Spriggan Enchanter began the quest for the Orb.
     0 | D:1      | Reached XP level 1. HP: 9/9 MP: 5/5
   383 | D:1      | Reached skill level 5 in Stealth
   383 | D:1      | Reached XP level 2. HP: 6/13 MP: 4/6
   558 | D:1      | Learned a level 2 spell: Ensorcelled Hibernation
  1576 | D:2      | Reached XP level 3. HP: 16/16 MP: 2/8
  1875 | D:2      | Reached skill level 6 in Stealth
  1891 | D:2      | Found Kiereah's Jewellery Shop.
  2545 | D:3      | Reached XP level 4. HP: 21/21 MP: 9/9
  2951 | D:3      | Found Erotraut's Distillery.
  2959 | D:3      | Bought a potion of heal wounds for 55 gold pieces
  2994 | D:3      | Reached skill level 7 in Stealth
  3084 | D:3      | Learned a level 3 spell: Confusing Touch
  3088 | D:3      | Learned a level 3 spell: Dazzling Flash
  3197 | D:3      | Reached skill level 1 in Ice Magic
  3277 | D:3      | Found a bloodstained altar of Trog.
  3491 | D:3      | Noticed Robin
  3563 | D:3      | Killed Robin
  3564 | D:3      | Reached XP level 5. HP: 20/24 MP: 2/10
  3909 | D:3      | Found a faded altar of an unknown god.
  4300 | D:4      | Noticed Purgy
  4306 | D:4      | Killed Purgy
  4307 | D:4      | Reached skill level 8 in Stealth
  4443 | D:4      | Found a sand-covered staircase.
  4464 | Ossuary  | Entered an ossuary
  4727 | Ossuary  | Reached XP level 6. HP: 15/28 MP: 2/12
  5168 | Ossuary  | Succumbed to a scorpion's poison

Illustrated notes

Levels and vault maps discovered:
D:1:      mrwooster_arrival_statue, layout_loops_ring
D:2:      layout_basic, serial_shops, nicolae_shop_trees
D:3:      layout_loops_ring, mainiacjoe_overflow_concentric_impassable,
          shapermc_ecumenical_altar_gd, serial_shops, shop, roderic_malta_cross,
          uniq_robin
D:4:      layout_gridville, makhleb_blood_cavern_becter, serial_shops,
          nicolae_shop_behind_doors, nicolae_ossuary_entry_ruins,
          minmay_misc_feat_doors, kennysheep_donut, minmay_hedge_maze,
          chequers_serial_rivers_small_b, minivault_19, uniq_purgy,
          uniq_blork_the_orc
Ossuary:  ossuary_minmay_scorpions

Skill      XL: |  1  2  3  4  5 |
---------------+----------------+-----
Stealth        | 5 6 7 8 |  8.6
Spellcasting   | 3 |  3.7
Ice Magic      | 1 |  1.3
Hexes          | 4 |  4.4
Short Blades   | 2 |  2.1
Dodging        | 3 |  3.0
Fighting       | |  0.3

Action                   |  1- 3 |  4- 6 || total
-------------------------+-------+-------++-------
Melee: Dagger            |    69 |   122 ||   191
       Short sword       |       |    18 ||    18
 Cast: Corona            |     6 |     1 ||     7
       Ensorcelled Hiber |    14 |    36 ||    50
       Confusing Touch   |       |     8 ||     8
 Stab: Sleeping          |    23 |    23 ||    46
       Distracted        |       |     1 ||     1
       Confused          |       |     7 ||     7
Armor: Robe              |     9 |    13 ||    22
Dodge: Dodged            |    52 |   106 ||   158
